 Dungeon Crawl Stone Soup version 0.30-a0-862-g1aabd4f9c5 (webtiles) character file.

Game seed: 2412382908050373423

526 holysushi the Cutter (level 7, -5/48 HPs)
             Began as an Octopode Monk on Mar 9, 2023.
             Shot with an arrow by a centaur (10 damage)
             ... on level 5 of the Dungeon.
             The game lasted 00:04:05 (4133 turns).

holysushi the Cutter (Octopode Monk)                Turns: 4133, Time: 00:04:06

Health: -5/48      AC:  1    Str: 10    XL:     7   Next: 23%
Magic:  7/7        EV: 14    Int: 13    God:
Gold:   145        SH:  0    Dex: 16    Spells: 6/6 levels left

rFire   . . .      SeeInvis .    a - +0 short sword
rCold   . . .      Faith    .    k - orb {*Rage}
rNeg    . . .      Spirit   .    (helmet restricted)
rPois   .          Reflect  .    (no amulet)
rElec   .          Rampage  .    (no ring)
rCorr   .          Rage     20%  (no ring)
Will    .....                    (no ring)
Stlth   +++                      (no ring)
HPRegen 0.28/turn                (no ring)
MPRegen 0.10/turn                (no ring)
                                 (no ring)
                                 (no ring)

@: on berserk cooldown, slowed, very slow
A: almost no armour, amphibious, 8 rings, camouflage 1, gelatinous body 1,
(nimble swimmer 1), tentacles
a: no special abilities


You were on level 5 of the Dungeon.
You visited 1 branch of the dungeon, and saw 5 of its levels.
You also visited: Sewer.

You collected 145 gold pieces.

Inventory:

Hand Weapons
 a - a +0 short sword (weapon)
 n - a +0 shortbow
Armour
 k - an orb of wrath (worn)
Jewellery
 s - a ring of positive energy
Wands
 p - a wand of digging (6)
Scrolls
 i - 2 scrolls of poison
 m - 3 scrolls of amnesia
 q - 2 scrolls of teleportation {unknown}
 r - a scroll of noise {unknown}
 t - a scroll of immolation {unknown}
 u - 4 scrolls of identify {unknown}
 x - a scroll of brand weapon {unknown}
Potions
 b - 2 potions of ambrosia
 c - 5 potions of cancellation {unknown}
 d - 2 potions of mutation {unknown}
 e - a potion of heal wounds {unknown}
 f - a potion of curing {unknown}
 g - 4 potions of brilliance {unknown}
 h - 2 potions of lignification {unknown}
 j - 2 potions of berserk rage {unknown}
 l - a potion of degeneration {unknown}
 o - a potion of resistance {unknown}
 v - a potion of haste {unknown}
 w - a potion of flight {unknown}
 z - a potion of might {unknown}


   Skills:
 - Level 4.0 Fighting
 * Level 7.0 Short Blades
 + Level 4.0 Dodging
 - Level 2.6 Stealth


You had 6 spell levels left.
You didn't know any spells.
Your spell library was empty.

Dungeon Overview and Level Annotations

Branches:
Dungeon (5/15) Zot: 25950   Sewer (visited)
 Temple: D:4-7

Altars:
Zin


Innate Abilities, Weirdness & Mutations

You cannot wear most types of armour.
You are amphibious.
You can wear up to eight rings at the same time.
Your skin changes colour to match your surroundings (Stealth+).
Your rubbery body absorbs attacks. (AC +1, EV +1)
((You are camouflaged when in or above water. (Stealth+)))
You have tentacles for arms and can constrict up to eight enemies at once.


Message History

There are monsters nearby!
There are monsters nearby!
The white imp shouts, "Submit, thou puny doghearted haggard!"
The white imp gestures at you. The puff of frost hits you!
The white imp gestures at you. The puff of frost hits you!
You completely miss the white imp. You grab the white imp.
You constrict the white imp, but do no damage.
You hit the white imp.
The white imp is lightly wounded.
You constrict the white imp. The white imp closely misses you.
You hit the white imp but do no damage.
The white imp is lightly wounded.
You constrict the white imp, but do no damage.
You hit the white imp.
The white imp is heavily wounded.
You constrict the white imp.
A centaur comes into view.
The white imp hits you. The white imp freezes you.
A red film seems to cover your vision as you go berserk!
You feel yourself moving faster!
You feel mighty!
The centaur shouts!
You hit the white imp.
You kill the white imp!
The centaur wields a +0 shortbow.
The centaur shoots an arrow.
The arrow hits you!
You feel a strong urge to attack something.
The centaur shoots an arrow.
The arrow hits you!
* * * LOW HITPOINT WARNING * * *
The centaur shoots an arrow.
The arrow misses you.
You are too berserk!
A sleepcap comes into view.
You feel your anger nearly subside.
The centaur shoots an arrow.
The arrow hits you.
* * * LOW HITPOINT WARNING * * *
You are no longer berserk.
You are exhausted.
You feel yourself slow down.
The centaur shoots an arrow.
The arrow hits you!
You die...

##.. .... .....
#...# ###....###
###########.........
....................
##.........@..c.f...
########...>.......
#...........
#...........
#...<......[
#.[.........
#.#.........
#.###....... #.#
.#.....


You could see a sleepcap and a centaur.

Vanquished Creatures
  A water moccasin (Sewer)
  A phantom (D:4)
  2 orc priests
  An iguana (D:4)
  Ijyb (D:3)
  2 orc wizards
  3 gnolls (D:2)
  3 adders
  A white imp (D:5)
  2 worms
  5 dart slugs
  19 orcs
  3 bats
  6 endoplasms
  3 giant cockroaches
  4 goblins
  9 hobgoblins
  8 jackals
  6 kobolds
  3 quokkas
  9 ball pythons
  A frilled lizard (D:3)
  6 rats
99 creatures vanquished.

Notes
Turn   | Place    | Note
-------+----------+-------------------------------------------
     0 | D:1      | holysushi the Octopode Monk began the quest for the Orb.
     0 | D:1      | Reached XP level 1. HP: 16/16 MP: 1/1
    99 | D:1      | Reached XP level 2. HP: 18/21 MP: 2/2
   279 | D:1      | Reached skill level 4 in Short Blades
   498 | D:1      | Reached XP level 3. HP: 26/26 MP: 3/3
   972 | D:1      | Found a glowing silver altar of Zin.
  1951 | D:2      | Reached XP level 4. HP: 31/31 MP: 4/4
  2057 | D:2      | Reached skill level 5 in Short Blades
  2167 | D:3      | Reached XP level 5. HP: 36/36 MP: 5/5
  2452 | D:3      | Found a glowing silver altar of Zin.
  2458 | D:3      | Noticed Ijyb
  2468 | D:3      | Killed Ijyb
  2606 | D:3      | Found a glowing drain.
  2612 | D:3      | Reached skill level 6 in Short Blades
  2616 | Sewer    | Entered a sewer
  2694 | Sewer    | Noticed a water moccasin
  2701 | Sewer    | Killed a water moccasin
  2702 | Sewer    | Reached XP level 6. HP: 42/42 MP: 6/6
  2878 | D:3      | Found a faded altar of an unknown god.
  3521 | D:4      | Reached XP level 7. HP: 47/47 MP: 7/7
  3968 | D:4      | Reached skill level 7 in Short Blades
  4119 | D:5      | Entered Level 5 of the Dungeon
  4133 | D:5      | Shot with an arrow by a centaur

Illustrated notes

Levels and vault maps discovered:
D:1:      dpeg_arrival_lava_altar, layout_basic, minmay_misc_feat_columns
D:2:      layout_basic, minmay_door_square, minmay_misc_feat_nine_boxes,
          amcnicky_mini_rare_corridor_liquid, minmay_tripent
D:3:      layout_basic, mainiacjoe_overflow_concentric_impassable,
          basic_ecumenical_altar, serial_rivers, chequers_serial_rivers_small_b,
          chequers_serial_rivers_small_a, chequers_serial_rivers_large_b,
          chequers_serial_rivers_micro_a, chequers_serial_rivers_room_b,
          portal_sewer_entry_d, uniq_ijyb
D:4:      layout_cave_pools, minmay_misc_feat_doors
D:5:      layout_rooms, nicolae_stop_n_shop_1, kennysheep_decorative_pillar,
          uniq_grinder, uniq_pikel

Skill      XL: |  1  2  3  4  5  6  7 |
---------------+----------------------+-----
Short Blades   | 4 5 6 7 |  7.0
Fighting       | 4 |  4.0
Dodging        | 4 |  4.0
Stealth        | |  2.6

Action                     |  1- 3 |  4- 6 |  7- 9 || total
---------------------------+-------+-------+-------++-------
  Melee: Short sword       |    69 |    69 |    35 ||   173
         Constrict         |    18 |    14 |    10 ||    42
         Tentacles         |    19 |    19 |     7 ||    45
         Punch             |     1 |     1 |       ||     2
    Use: Scroll            |       |     3 |       ||     3
   Stab: Sleeping          |    14 |     7 |     1 ||    22
 Armour: Skin              |     7 |       |     1 ||     8
  Dodge: Dodged            |    25 |    33 |    13 ||    71

Table legend: (Time is in decaauts)
 A = Elapsed time spent in this place.
 B = Non-inter-level travel time spent in this place.
 C = Inter-level travel time spent in this place.
 D = Time resting spent in this place.
 E = Time spent auto-exploring this place.
 F = Levels seen in this place.
 G = Mean time per level.
                   A        B        C        D        E       F      G
               +--------+--------+--------+--------+--------+-----+--------+
         Total |   4208 |   4082 |    126 |    671 |   2562 |   6 |  701.3 |
       Dungeon |   4048 |   3922 |    126 |    635 |   2517 |   5 |  809.6 |
         Sewer |    159 |    159 |      0 |     36 |     45 |   1 |  159.0 |
               +--------+--------+--------+--------+--------+-----+--------+

Top non-repeatable levels by time:
     D:3: 1266 daAuts
     D:2: 1211 daAuts
     D:1: 977 daAuts
     D:4: 582 daAuts
   Sewer: 159 daAuts
     D:5: 10 daAuts
